Unix NetHack Version 5.0.0-0 post-release - last build Jun 10 2026 00:39:30 (3ee93aec679c4c4259841fe613dc97188e26a321,branch:main).

Game began 2026-06-29 13:17:24, ended 2026-06-29 13:20:18.

Ch3Begorrah, chaotic male human Rogue

                                                        |          -----------
                                                       .           |.........|
                                                                   +.........|
                                                 #####             |.........|
                                               ######%#############.......r..|
                                         ----+--|-                 -----------
                                         |.......|
                                         |.<.....|
                                         ........|
                                         ---|-----

Ch3Begorrah the Wererat  St:12 Dx:18 Co:13 In:8 Wi:16 Ch:8  Chaotic
Dlvl:3  $:50 HP:7(7) Pw:19(19) AC:6  HD:2 T:529  Overloaded

Latest messages:
 You climb up the stairs.
 You see here a studded leather armor.
 You descend the stairs.
 You see here a tripe ration.
 w - a tripe ration.
 Drink from the fountain? [yn] (n) y
 The cool draught refreshes you.
 Drink from the fountain? [yn] (n) y
 The cool draught refreshes you.
 Drink from the fountain? [yn] (n) y
 The cool draught refreshes you.
 Drink from the fountain? [yn] (n) y
 You sense the presence of monsters.
 (For instructions type a '?')
 Move cursor to monster of interest:
 The fountain dries up!
 $ - 10 gold pieces (50 in total).
 The door opens.
 You hit the wererat.
 The wererat bites!
 You feel feverish.
 You hit the wererat.
 The wererat bites!
 You hit the wererat.
 The wererat bites!
 The wererat changes into a human.
 You have no ammunition readied.
 What do you want to fire? [$ab or ?*] <esc>
 Never mind.
 What do you want to ready? [$ab or ?*] b
 You are wielding 11 daggers.  Ready 10 of them? [ynq] (q) y
 x - 10 +0 daggers (at the ready).
 In what direction? l
 The dagger hits the wererat.
 The wererat hits!
 In what direction? l
 You throw 2 daggers.
 The 1st dagger hits the wererat.
 You kill the wererat!
 x - 2 +0 daggers (at the ready) (9 in total).
 You see here a wererat corpse.
 x - a +0 dagger (at the ready) (10 in total).
 You turn into a wererat!
 Your armor falls around you!
 You can't even move a handspan with this load!
 Your helm falls to the floor!
 You find you must drop your dagger!
 Use the command #monster to summon help.
 Really quit without saving? [yn] (n) y
 Do you want your possessions identified? [ynq] (y) q

Inventory:
 Coins    ('$')
  $ - 50 gold pieces
 Weapons  (')')
  v - 4 +0 crossbow bolts
  x - 10 +0 daggers (at the ready)
  a - a +0 short sword (alternate weapon; not wielded)
 Comestibles  ('%')
  k - an uncursed cram ration
  n - an uncursed lembas wafer
  w - an uncursed tripe ration
  p - 2 uncursed lichen corpses
 Scrolls  ('?')
  q - an uncursed scroll of genocide
  o - an uncursed scroll of teleportation
 Spellbooks  ('+')
  i - an uncursed spellbook of confuse monster
  r - an uncursed spellbook of detect unseen
  j - an uncursed spellbook of healing
 Potions  ('!')
  s - an uncursed potion of extra healing
  h - an uncursed potion of fruit juice
  d - an uncursed potion of sickness
 Tools    ('(')
  f - an empty uncursed sack
  e - an uncursed lock pick
  l - an uncursed oil lamp
  u - a cursed tallow candle
  t - a cursed towel
 Gems/Stones  ('*')
  g - 2 uncursed worthless pieces of blue glass

Ch3Begorrah the Rogue's attributes:

Background:
 You were in male wererat form.
 You were actually a Cutpurse, a level 3 male human Rogue.
 You were chaotic, on a mission for Kos
 who was opposed by Issek (lawful) and Mog (neutral).
 You were normally right-handed.
 You were in the Dungeons of Doom, on level 3.
 You entered the dungeon 529 turns ago.
 There was a full moon in effect when your adventure ended.

Basics:
 You had all 7 hit points.
 You had all 19 energy points (spell power).
 You had 2 hit dice.
 Your armor class was 6.
 Your wallet contained 50 zorkmids.
 Autopickup was on for '$!/(' plus thrown, with exceptions.

Final Characteristics:
 Your strength was 12.
 Your dexterity was 18.
 Your constitution was 13.
 Your intelligence was 8.
 Your wisdom was 16.
 Your charisma was 8.

Final Status:
 You were transformed.
 You weren't hungry.
 You were overloaded; movement was not possible.
 You weren't wielding anything.
 You were unskilled in bare handed combat.
 You weren't wearing any armor.

Final Attributes:
 You were fervently aligned.
 You were poison resistant.
 You were level-drain resistant.
 You were stealthy.
 You regenerated.
 You were a wererat in beast form.
 You were harmed by silver.
 You were lucky.
 You survived.

Miscellaneous:
 You didn't encounter any bones levels.
 Total elapsed playing time was 2 minutes and 54 seconds.

Major events:
 Turn
    1: Ch3Begorrah the chaotic male human Rogue entered the dungeon
  448: entered the Gnomish Mines
  451: attained the rank of Cutpurse (level 3)
  529: quit

You didn't know any spells.

Skills:
 Fighting Skills
   bare handed combat [Unskilled]
   two weapon combat  [Unskilled]
   riding             [Unskilled]
 Weapon Skills
   dagger             [Basic]
   knife              [Unskilled]
   short sword        [Basic]
   broadsword         [Unskilled]
   long sword         [Unskilled]
   two-handed sword   [Unskilled]
   saber              [Unskilled]
   club               [Unskilled]
   mace               [Unskilled]
   morning star       [Unskilled]
   flail              [Unskilled]
   hammer             [Unskilled]
   polearms           [Unskilled]
   spear              [Unskilled]
   crossbow           [Unskilled]
   dart               [Unskilled]
   shuriken           [Unskilled]
 Spellcasting Skills
   divination spells  [Unskilled]
   escape spells      [Unskilled]
   matter spells      [Unskilled]

Voluntary challenges:
 Character rerolling was not enabled.
 You went without food.
 You were an atheist.
 You were illiterate.
 You never genocided any monsters.
 You never polymorphed an object.
 You used no wishes.
Achievements:
 You entered the Gnomish Mines.
 You attained the rank of Cutpurse.

 The Dungeons of Doom: levels 1 to 3
    Level 1:
    Level 2:
       Stairs down to The Gnomish Mines.
    Level 3: <- You were here.
 The Gnomish Mines:
    Level 3:


Vanquished creatures:
  a wererat
  a gnome
  a jackal
  a fox
  4 goblins
  3 lichens
  a newt
12 creatures vanquished.

No species were genocided or became extinct.

Goodbye Ch3Begorrah the Rogue...

You quit in The Dungeons of Doom on dungeon level 3 with 370 points,
and 50 pieces of gold, after 529 moves.
You were level 3 with a maximum of 18 hit points when you quit.

